 Dungeon Crawl Stone Soup version 0.19-a0-726-g4af737f (webtiles) character file.

195 weirdsound the Conjurer (level 5, -1/38 HPs)
             Began as a Draconian Fire Elementalist on June 22, 2016.
             Slain by a hound (5 damage)
             ... on level 2 of the Dungeon.
             The game lasted 00:14:00 (2906 turns).

weirdsound the Conjurer (DrFE)                      Turns: 2906, Time: 00:14:00

Health: -1/38      AC:  5    Str: 12 (15) XL:     5   Next: 45%
Magic:  3/9        EV: 12    Int: 15 (16) God:
Gold:   83         SH:  0    Dex: 13 (14) Spells: 2 memorised, 6 levels left

rFire  . . .     SeeInvis .     (no weapon)
rCold  . . .     Gourm    .     (armour unavailable)
rNeg   . . .     Faith    .     (no shield)
rPois  .         Spirit   .     (helmet restricted)
rElec  .         Dismiss  .     (no cloak)
rCorr  .         Reflect  .     (no gloves)
SustAt .         Harm     .     (no boots)
MR     .....                    (no amulet)
Stlth  ++........               (no ring)
                                m - +2 ring of dexterity

@: mighty, very slightly contaminated, not resistant to hostile enchantments,
unstealthy
A: unfitting armour, cold-blooded, AC +5
a: no special abilities


You were on level 2 of the Dungeon.
You were not hungry.

You visited 1 branch of the dungeon, and saw 3 of its levels.

You collected 83 gold pieces.

Inventory:

Missiles
 d - 76 stones (quivered)
Jewellery
 e - an uncursed ring of ice
 m - a +2 ring of dexterity (left hand)
Wands
 n - a wand of flame (14/48)
Scrolls
 g - a scroll of identify
 i - a scroll of blinking
Potions
 h - a potion of invisibility
 k - a potion of resistance
Books
 a - a book of Flames

   Spells                             Type                      Level
   a - Flame Tongue                   Conjuration/Fire             1
   b - Throw Flame                    Conjuration/Fire             2
   c - Conjure Flame                  Conjuration/Fire             3
   d - Inner Flame                    Hexes/Fire                   3
   e - Sticky Flame                   Conjuration/Fire             4
   f - Fireball                       Conjuration/Fire             5
Comestibles
 b - a bread ration
 c - 2 chunks of flesh
 f - a meat ration


   Skills:
 - Level 1.7 Dodging
 - Level 1.7 Stealth
 * Level 2.6 Spellcasting
 - Level 5.0 Conjurations
 - Level 3.0 Fire Magic


You had 6 spell levels left.
You knew the following spells:

 Your Spells              Type           Power        Failure   Level  Hunger
a - Flame Tongue          Conj/Fire      ##...        4%          1    #......
b - Throw Flame           Conj/Fire      ##....       8%          2    ##.....


Dungeon Overview and Level Annotations

Branches:
Dungeon (3/15)

Altars:
Dithmenos


Innate Abilities, Weirdness & Mutations

Your plain brown scales are hard. (AC +5)
Your body does not fit into most forms of armour.
You are cold-blooded and may be slowed by cold attacks.


Message History

* * * LOW HITPOINT WARNING * * *
Casting: Flame Tongue
Confirm with . or Enter, or press ? or * to list all spells.
Aiming: Flame Tongue
Press: ? - help, Shift-Dir - straight line, f/p - hound
Aim: a hound The flame tongue hits the hound.
The hound is lightly wounded.
The hound bites you.
* * * LOW HITPOINT WARNING * * *
The hound bites you.
* * * LOW HITPOINT WARNING * * *
It was a potion of degeneration.
There was something very wrong with that liquid.
You feel weakened.
You feel dopey.
You feel clumsy. The hound bites you but does no damage.
It was a potion of might.
You feel very mighty all of a sudden. The hound barely misses you.
The hound bites you.
You die...

#.......##.#
#.#
#######.##.#
#.# #.##.#
#.# #.##.#
#.# #..#.#
#[# ##.#.#
#.# #...#
#.##########
##.h#
#.#.........
#.@#
#.#.########
##.# #.....#
#.# ###.#.#
#.# #.#.#
#.# #.#.#
#.# #.#.#
#.# #.#.#
#.# #.#.#
#.# #.#.#


You could see a hound.

Vanquished Creatures
  A hound (D:3)
  Jessica (D:2)
  Natasha (D:2)
  Robin (D:1)
  An adder (D:2)
  An ooze (D:1)
  3 worms
  A giant gecko (D:2)
  5 bats
  3 giant cockroaches (D:1)
  9 hobgoblins
  13 jackals
  A quokka (D:2)
  3 giant newts (D:1)
  18 goblins
  4 kobolds
  5 rats
71 creatures vanquished.

Notes
Turn   | Place    | Note
--------------------------------------------------------------
     0 | D:1      | weirdsound the Draconian Fire Elementalist began the quest for the Orb.
     0 | D:1      | Reached XP level 1. HP: 14/14 MP: 3/3
   277 | D:1      | Reached skill level 2 in Conjurations
   316 | D:1      | Reached XP level 2. HP: 20/20 MP: 1/5
   810 | D:1      | Reached skill level 3 in Conjurations
   841 | D:1      | Reached XP level 3. HP: 26/26 MP: 2/6
  1624 | D:2      | Noticed Jessica
  1632 | D:2      | Learned a level 2 spell: Throw Flame
  1640 | D:2      | Killed Jessica
  1640 | D:2      | Reached skill level 4 in Conjurations
  1640 | D:2      | Reached XP level 4. HP: 33/33 MP: 1/7
  2043 | D:2      | Found a shadowy altar of Dithmenos.
  2045 | D:2      | Noticed Natasha
  2053 | D:2      | Killed Natasha
  2301 | D:2      | Noticed Robin
  2341 | D:1      | Killed Robin
  2341 | D:1      | Reached skill level 5 in Conjurations
  2341 | D:1      | Reached XP level 5. HP: 35/38 MP: 2/8
  2906 | D:2      | Slain by a hound

Vault maps used:
D:1:      eino_arrival_druids_welcome, minmay_door_square
D:2:      grunt_dithmenos_smoke, corner_web_ring, uniq_robin, uniq_jessica,
          uniq_natasha
D:3:      kb_forest_paths, first_bread, minmay_misc_feat_encased,
          cheibrodos_gnoll_hut, uniq_grinder

Skill      XL: |  1  2  3  4 |
---------------+-------------+-----
Conjurations   | 2 3 4 5 |  5.0
Dodging        | |  1.7
Stealth        | |  1.7
Spellcasting   | |  2.6
Fire Magic     | |  3.0

Action                   |  1- 3 |  4- 6 || total
-------------------------+-------+-------++-------
Melee: Dagger            |    45 |       ||    45
       Tailslap          |     6 |       ||     6
Throw: Stone             |     2 |     3 ||     5
 Cast: Flame Tongue      |    55 |    69 ||   124
       Throw Flame       |     2 |       ||     2
  Use: Scroll            |     1 |     6 ||     7
       Potion            |       |     2 ||     2
  Eat: Chunk             |     3 |     2 ||     5
       Bread ration      |       |     1 ||     1
Armor: Skin              |    28 |    10 ||    38
Dodge: Dodged            |    62 |    28 ||    90
